 Dungeon Crawl Stone Soup version 0.29-a0-350-g7790a0e70a (webtiles) character file.

Game seed: 10584200203930915136

5555 spaghetti the Thaumaturge (level 10, -2/75 HPs)
             Began as a Naga Fire Elementalist on Apr 23, 2022.
             Was an Elder of Cheibriados.
             Killed by an exploding yak (26 damage)
             ... ignited by their inner flame
             ... on level 1 of the Lair of Beasts.
             The game lasted 00:21:14 (9760 turns).

spaghetti the Thaumaturge (Naga Fire Elementalist)  Turns: 9760, Time: 00:21:15

Health: -2/75      AC:  9    Str: 19    XL:     10   Next: 71%
Magic:  8/24       EV: 14    Int: 33    God:    Cheibriados [****..]
Gold:   323        SH:  0    Dex: 23    Spells: 6/29 levels left

rFire   . . .      SeeInvis +   w - +4 morningstar of Bodily Harmony {spect, Int+4, mace}
rCold   . . .      Faith    .   (no shield)
rNeg    . . .      Spirit   .   a - +0 robe
rPois   +          Reflect  .   j - +0 helmet
rElec   .          Harm     .   (no cloak)
rCorr   .          Rampage  .   (no gloves)
Will    +....                   (no barding)
Stlth   ++++......              (no amulet)
HPRegen 0.22/turn               z - +4 ring of evasion
MPRegen 0.19/turn               D - +4 ring of protection

@: very slow
A: AC +3, large, see invisible, deformed body, poison resistance, slowness 2,
spit poison 1, naga tail 1, thin skeletal structure 1
a: Spit Poison, Renounce Religion, Bend Time, Temporal Distortion, Slouch


You were on level 1 of the Lair of Beasts.
You worshipped Cheibriados.
Cheibriados was greatly pleased with you.
You visited 2 branches of the dungeon, and saw 10 of its levels.

You collected 411 gold pieces.
You spent 88 gold pieces at shops.


Innate Abilities, Weirdness & Mutations

Your serpentine skin is tough. (AC +3)
You have supernaturally acute eyesight. (SInv)
Armour fits poorly on your strangely shaped body.
Your system is resistant to poisons. (rPois)
You cover ground very slowly.
You can spit poison.
You have a snake-like lower body.
You have a somewhat thin skeletal structure. (Dex +2, Stealth+)


   Skills:
 - Level 1.5 Dodging
 - Level 3.0 Stealth
 - Level 10.0 Spellcasting
 - Level 1.0 Conjurations
 + Level 8.6 Transmutations
 - Level 5.0 Fire Magic
 - Level 2.0 Air Magic
 - Level 8.0 Poison Magic


You had 6 spell levels left.
You knew the following spells:

 Your Spells              Type           Power      Damage    Failure   Level
a - Foxfire               Conj/Fire      100%       2x1d9     1%          1
b - Inner Flame           Hex/Fire       33%        N/A       3%          3
c - Ignite Poison         Fire/Tmut/Pois 59%        N/A       1%          3
d - Sticky Flame          Conj/Fire      36%        2d6       9%          4
e - Conjure Flame         Conj/Fire      36%        6-21      2%          3
f - Poisonous Vapours     Pois/Air       98%        N/A       1%          2
g - Spider Form           Tmut/Pois      63%        N/A       1%          3
h - Ice Form              Ice/Tmut       44%        N/A       4%          4

Your spell library contained the following spells:

 Spells                   Type           Power      Damage    Failure   Level
 Beastly Appendage        Tmut           100%       N/A       1%          1
 Scorch                   Fire           98%        2d9       1%          2
 Wereblood                Tmut           65%        N/A       1%          2
 Pain                     Necr           64%        1d7       2%          1
 Corpse Rot               Necr/Air       46%        N/A       2%          2
 Flame Wave               Conj/Fire      36%        2d9       9%          4
 Hailstorm                Conj/Ice       19%        3d6       22%         4
 Agony                    Necr           16%        N/A       61%         5
 Excruciating Wounds      Necr           8%         N/A       61%         5
 Simulacrum               Ice/Necr       8%         N/A       99%         6

Inventory:

Hand Weapons
 g - a +0 broad axe {axe}
   (You took it off Blork the orc on level 4 of the Dungeon)
 k - a +0 short sword of draining {short}
   (You took it off a kobold on level 1 of the Dungeon)
 m - a +1 hand axe of freezing {axe}
   (You found it on level 1 of the Dungeon)
 w - the +4 morningstar of Bodily Harmony (weapon) {spect, Int+4, mace}
   (You found it on level 5 of the Dungeon)

   When its wielder attacks, the weapon's spirit leaps out and strikes again.
   The spirit shares a part of any damage it takes with its wielder.
   Int:       It affects your intelligence (+4).
Missiles
 c - 155 stones {throwing}
 q - 19 poisoned darts {throwing}
 y - 8 javelins {throwing}
 A - 2 boomerangs {throwing}
Armour
 a - a +0 robe (worn)
 j - a +0 helmet (worn)
   (You found it on level 1 of the Dungeon)
Magical Staves
 e - a staff of poison {!astaff}
   (You found it on level 1 of the Dungeon)
Jewellery
 z - a +4 ring of evasion (left hand)
   (You found it on level 6 of the Dungeon)
 D - a +4 ring of protection (right hand)
   (You found it on level 6 of the Dungeon)
Wands
 t - a wand of polymorph (10)
   (You took it off Duvessa on level 6 of the Dungeon)
 v - a wand of acid (7)
   (You found it on level 5 of the Dungeon)
 C - a wand of flame (43)
   (You found it on level 6 of the Dungeon)
 E - a wand of paralysis (6)
   (You found it on level 7 of the Dungeon)
Scrolls
 d - a scroll of teleportation {@r4}
 f - 3 scrolls of magic mapping {!r}
 h - a scroll of fear
 o - 3 scrolls of immolation {!r!r}
 p - a scroll of blinking {!r}
 r - a scroll of torment {!r}
 s - a scroll of brand weapon
 B - 2 scrolls of amnesia
Potions
 b - 2 potions of magic
 l - 2 potions of curing {@q1}
 n - a potion of lignification {!q}
 u - 2 potions of cancellation {unknown}
 x - 3 potions of degeneration {unknown}
 F - a potion of berserk rage {unknown}

Dungeon Overview and Level Annotations

Branches:
Dungeon (8/15)             Temple (0/1) D:7            Lair (2/6) D:8
  Swamp: Lair:2-4    Shoals: Lair:2-4     Snake: Lair:2-4    Spider: Lair:2-4

Altars:
Ashenzari
Cheibriados
Dithmenos
Kikubaaqudgha
Okawaru
Qazlal
Trog
Zin

Shops:
D:2 *   D:5 !

Annotations:
D:5 2 transporters, zishaf's ghost, amateur SpEn
D:6 2 transporters, khangoldenlief's ghost, novice HOMo

..# ...##.....
........ ...
....... .....#..#
..##
#.....#........#
..#
##...........#..#
..#
#.....○○##.PP....
##....☼§Y.......#
......§§§○......#
......§§§§......#
........@§§.....#
.......#######P.#
......# ^ ......
...... ...... ...


You could see a yak.


Message History

Confirm with . or Enter, or press ? or * to list all spells.
You conjure some foxfire!
The foxfire hits the water moccasin.
Flame seeps out of the water moccasin.
The foxfire hits the water moccasin!
Cheibriados thoroughly appreciates the change of pace.
The water moccasin explodes!
You hear a bellow! x5 😎 MP[-1]
You lost 1 mp, and now have 18/24 mp.
You start resting.
A yak is nearby! 😎 MP[+2]
You regained 2 mp, and now have 20/24 mp.
Casting: Foxfire (safe; 1% risk of failure)
Confirm with . or Enter, or press ? or * to list all spells.
Aiming: Inner Flame (dangerous; 3% risk of failure)
Press: ? - help, Dir - move target, f - yak
Aim: a yak (wandering, hasn't noticed you, chance to affect: 85%)
The yak bellows!
The yak is filled with an inner flame.
You hear a bellow! 😎 MP[-3]
You lost 3 mp, and now have 17/24 mp.
Casting: Inner Flame (dangerous; 3% risk of failure)
Confirm with . or Enter, or press ? or * to list all spells.
Aiming: Inner Flame (dangerous; 3% risk of failure)
Press: ? - help, Dir - move target, f - yak, p - yak
Aim: a yak (chance to affect: 85%)
The yak is filled with an inner flame. 😎 MP[-3]
You lost 3 mp, and now have 14/24 mp.
Casting: Inner Flame (dangerous; 3% risk of failure)
Confirm with . or Enter, or press ? or * to list all spells.
You conjure some foxfire! 😎 MP[-1]
You lost 1 mp, and now have 13/24 mp.
Casting: Foxfire (safe; 1% risk of failure)
Confirm with . or Enter, or press ? or * to list all spells.
You conjure some foxfire!
The foxfire hits the yak.
Flame seeps out of the yak.
The yak is engulfed in blazing flames.
Flame seeps out of the yak.
The foxfire hits the yak.
Flame seeps out of the yak. 😎 MP[-1]
You lost 1 mp, and now have 12/24 mp.
Casting: Foxfire (safe; 1% risk of failure)
Confirm with . or Enter, or press ? or * to list all spells.
Aiming: Inner Flame (dangerous; 3% risk of failure)
Press: ? - help, Dir - move target, f - yak, p - yak
Aim: a yak (unaware, hasn't noticed you, chance to affect: 85%)
The yak is filled with an inner flame.
The foxfire hits the yak.
Flame seeps out of the yak.
The foxfire hits the yak.
Flame seeps out of the yak.
The yak is engulfed in blazing flames.
Flame seeps out of the yak. 😎 MP[-2]
You lost 2 mp, and now have 10/24 mp.
Casting: Inner Flame (dangerous; 3% risk of failure)
Confirm with . or Enter, or press ? or * to list all spells.
You conjure some foxfire!
The foxfire hits the yak!
Cheibriados thoroughly appreciates the change of pace.
The yak explodes!
The fiery explosion engulfs you!! 😮 HP[-35] MP[-1]
You take 35 damage, and now have 40/75 hp.
MASSIVE DAMAGE!! (PAUSE)
You lost 1 mp, and now have 9/24 mp.
The foxfire hits the yak!
Flame seeps out of the yak.
The yak is engulfed in blazing flames.
Flame seeps out of the yak.
The yak is engulfed in blazing flames.
Flame seeps out of the yak. 😮 HP[+1]
Casting: Foxfire (safe; 1% risk of failure)
Confirm with . or Enter, or press ? or * to list all spells.
You conjure some foxfire!
The yak is engulfed in blazing flames.
Cheibriados appreciates the change of pace.
The yak explodes!
The fiery explosion engulfs your foxfire.
Your foxfire completely resists.
The fiery explosion engulfs you!!
* * * LOW HITPOINT WARNING * * *
😨 HP[-18] MP[-1]
You take 18 damage, and now have 23/75 hp.
MASSIVE DAMAGE!! (PAUSE)
You lost 1 mp, and now have 8/24 mp.
The foxfire hits the yak!
The yak is engulfed in blazing flames.
Flame seeps out of the yak. 😨 HP[+1] MP[+1]
Casting: Foxfire (safe; 1% risk of failure)
Confirm with . or Enter, or press ? or * to list all spells.
You conjure some foxfire! 😨 MP[-1]
You lost 1 mp, and now have 8/24 mp.
The foxfire hits the yak.
Flame seeps out of the yak.
The foxfire hits the yak.
Flame seeps out of the yak.
The yak is engulfed in blazing flames. x3
Flame seeps out of the yak.
The yak is engulfed in blazing flames. x2
Cheibriados thoroughly appreciates the change of pace.
The yak explodes!
The fiery explosion engulfs the yak!!
You kill the yak!
Cheibriados thoroughly appreciates the change of pace.
You can now inflict damage on those overly hasty.
Cheibriados raises the support of your attributes as your movement slows.
The fiery explosion engulfs you!!
You die...

Skill      XL: |  1  2  3  4  5  6  7  8  9 10 |
---------------+-------------------------------+-----
Spellcasting   | 3 4 5 6 7 10 | 10.0
Transmutations | 2 4 8 |  8.6
Air Magic      | 2 |  2.0
Poison Magic   | 3 6 8 |  8.0
Fire Magic     | 5 |  5.0
Dodging        | |  1.5
Stealth        | |  3.0
Conjurations   | |  1.0

Action                   |  1- 3 |  4- 6 |  7- 9 | 10-12 || total
-------------------------+-------+-------+-------+-------++-------
Melee: Staff             |     2 |       |       |       ||     2
       Hand axe          |     2 |    12 |       |       ||    14
       Unarmed           |       |     8 |     9 |    13 ||    30
       Morningstar       |       |       |    17 |     7 ||    24
 Cast: Foxfire           |    69 |   124 |   187 |    34 ||   414
       Ignite Poison     |       |       |     5 |       ||     5
       Sticky Flame      |       |       |     2 |       ||     2
       Poisonous Vapours |       |       |    12 |       ||    12
       Inner Flame       |       |       |     5 |    10 ||    15
       Conjure Flame     |       |       |     1 |     2 ||     3
       Spider Form       |       |       |     1 |       ||     1
       Ice Form          |       |       |       |     1 ||     1
 Abil: Spit Poison       |     2 |     6 |     8 |       ||    16
Evoke: Wand              |       |       |     1 |       ||     1
  Use: Potion            |     1 |     3 |     2 |       ||     6
       Scroll            |       |       |       |     9 ||     9
 Stab: Sleeping          |       |       |       |     1 ||     1
Armor: Robe              |     4 |    10 |    10 |    10 ||    34
       Skin              |       |     8 |       |     2 ||    10
Dodge: Dodged            |     7 |    21 |    49 |    37 ||   114

Levels and vault maps discovered:
D:1:      dpeg_cavernosity, layout_basic, shapermc_ecumenical_altar_pompeii
D:2:      layout_rooms, serial_shops, shop_coins
D:3:      layout_basic, mainiacjoe_overflow_concentric_impassable, uniq_robin
D:4:      nicolae_cairo_tiling_very_big, layout_basic, kennysheep_slug_shrine,
          uniq_blork_the_orc
D:5:      layout_loops_ring, overflow_temple_1_default, lemuel_crystal_altar,
          tgw_kikubaaqudgha, serial_shops, nicolae_shop_behind_doors,
          gammafunk_ghost_hive, uniq_prince_ribbit1
D:6:      layout_rooms, mainiacjoe_overflow_catwalk, okawaru_metal_pillars_1_2,
          gammafunk_ghost_smash, uniq_grinder, uniq_duvessa, uniq_maggie
D:7:      layout_basic, mainiacjoe_overflow_tiny_flanked, temple_hall,
          uniq_pikel
D:8:      layout_loops_ring, mainiacjoe_overflow_boulevard, lair_entry_dummy,
          serial_shops, nicolae_take_the_stairs, enter_ossuary_3,
          serial_bayou_ford_a, due_unseen_surprise, uniq_grum, uniq_gastronok
Lair:1:   layout_regular_city
Lair:2:   layout_cave_pods, minmay_snake_entry_guardpost_medium, uniq_fannar,
          uniq_sonja

Notes
Turn   | Place    | Note
-------+----------+-------------------------------------------
     0 | D:1      | spaghetti the Naga Fire Elementalist began the quest for
                  | the Orb.
     0 | D:1      | Reached XP level 1. HP: 15/15 MP: 3/3
     0 | D:1      | magus.rc [v1.9.6]
   345 | D:1      | Reached XP level 2. HP: 8/22 MP: 0/5
   685 | D:1      | Reached skill level 3 in Spellcasting
   854 | D:1      | Found a faded altar of an unknown god.
   994 | D:1      | Reached XP level 3. HP: 28/28 MP: 3/7
  1312 | D:2      | You add the spells Ignite Poison and Sticky Flame to your
                  | library.
  1343 | D:2      | Learned a level 3 spell: Inner Flame
  1347 | D:2      | Learned a level 3 spell: Ignite Poison
  1560 | D:2      | Found Enkoskael's General Store.
  2239 | D:3      | Reached XP level 4. HP: 32/36 MP: 2/9
  2362 | D:3      | Reached skill level 4 in Spellcasting
  2497 | D:3      | Noticed Robin
  2508 | D:3      | Killed Robin
  2509 | D:3      | Reached XP level 5. HP: 37/42 MP: 0/11
  2768 | D:3      | Found a shadowy altar of Dithmenos.
  3381 | D:4      | Reached skill level 5 in Spellcasting
  3690 | D:4      | Found a snail-covered altar of Cheibriados.
  3732 | D:4      | Learned a level 4 spell: Sticky Flame
  3742 | D:4      | Became a worshipper of Cheibriados the Contemplative
  3769 | D:4      | You pick up a book of Vapours and begin reading...
  3769 | D:4      | You add the spells Poisonous Vapours and Corpse Rot to your
                  | library.
  3898 | D:4      | Noticed Blork the orc
  3912 | D:4      | Killed Blork the orc
  3913 | D:4      | Reached XP level 6. HP: 16/49 MP: 2/14
  4128 | D:4      | Reached skill level 6 in Spellcasting
  4552 | D:4      | Learned a level 3 spell: Conjure Flame
  4706 | D:4      | Reached * piety under Cheibriados
  4897 | D:5      | Entered Level 5 of the Dungeon
  4903 | D:5      | Reached XP level 7. HP: 51/55 MP: 15/17
  5074 | D:5      | You pick up a book of Pain and begin reading...
  5074 | D:5      | You add the spells Pain, Agony and Excruciating Wounds to
                  | your library.
  5084 | D:5      | Noticed zishaf's ghost (amateur SpEn)
  5097 | D:5      | Found a transporter.
  5102 | D:5      | Found a transporter.
  5166 | D:5      | Learned a level 2 spell: Poisonous Vapours
  5304 | D:5      | Identified the +4 morningstar of Bodily Harmony {spect,
                  | Int+4}
  5416 | D:5      | Noticed Prince Ribbit
  5421 | D:5      | Killed Prince Ribbit
  5422 | D:5      | Reached skill level 7 in Spellcasting
  5422 | D:5      | Reached skill level 1 in Transmutations
  5422 | D:5      | Reached skill level 1 in Air Magic
  5422 | D:5      | Reached skill level 2 in Poison Magic
  5545 | D:5      | Found a bloodstained altar of Trog.
  5561 | D:5      | Found a stormy altar of Qazlal.
  5753 | D:5      | Found Utsip's Distillery.
  5756 | D:5      | Bought a potion of mutation for 88 gold pieces
  5756 | D:5      | Gained mutation: You have a somewhat thin skeletal
                  | structure. (Dex +2, Stealth+) [potion of mutation]
  5784 | D:5      | Found an ancient bone altar of Kikubaaqudgha.
  5809 | D:5      | Noticed a human
  5810 | D:5      | Killed a human
  6072 | D:6      | Noticed Grinder
  6080 | D:5      | Reached skill level 2 in Transmutations
  6080 | D:5      | Reached skill level 2 in Air Magic
  6080 | D:5      | Reached skill level 3 in Poison Magic
  6080 | D:5      | Reached XP level 8. HP: 35/62 MP: 2/18
  6086 | D:5      | HP: 11/62 [Grinder (5)]
  6088 | D:5      | Killed Grinder
  6089 | D:5      | Reached skill level 4 in Fire Magic
  6089 | D:5      | Reached skill level 4 in Poison Magic
  6498 | D:6      | Found a broken altar of Ashenzari.
  6516 | D:6      | You pick up a book of Changes and begin reading...
  6516 | D:6      | You add the spells Beastly Appendage, Wereblood and Spider
                  | Form to your library.
  6612 | D:6      | Noticed Dowan
  6614 | D:6      | Noticed Maggie
  6614 | D:6      | Noticed Duvessa
  6624 | D:6      | Killed Maggie
  6625 | D:6      | Reached skill level 5 in Poison Magic
  6625 | D:6      | Killed Duvessa
  6626 | D:6      | Reached skill level 5 in Fire Magic
  6626 | D:6      | Reached skill level 6 in Poison Magic
  6626 | D:6      | Reached XP level 9. HP: 36/68 MP: 2/20
  6626 | D:6      | Reached ** piety under Cheibriados
  6627 | D:6      | Reached skill level 3 in Transmutations
  6628 | D:6      | Killed Dowan
  6756 | D:6      | Learned a level 3 spell: Spider Form
  6877 | D:6      | Reached skill level 8 in Spellcasting
  6890 | D:6      | Reached skill level 7 in Poison Magic
  6996 | D:6      | Found a transporter.
  6998 | D:6      | Noticed khangoldenlief's ghost (novice HOMo)
  7001 | D:6      | You pick up a book of the Tundra and begin reading...
  7001 | D:6      | You add the spells Hailstorm, Ice Form and Simulacrum to
                  | your library.
  7001 | D:6      | Identified the +4 dire flail of Seyrchi {freeze, *Noise rC+
                  | rN++ rCorr}
  7001 | D:6      | Identified the +5 dire flail of the Four Interlopers {pain,
                  | Dex+4 Stlth+}
  7001 | D:6      | Noticed a two-headed ogre
  7113 | D:6      | Found a transporter.
  7206 | D:6      | Found an iron altar of Okawaru.
  7688 | D:7      | Found a glowing silver altar of Zin.
  7823 | D:7      | Reached skill level 8 in Poison Magic
  8007 | D:7      | Reached skill level 4 in Transmutations
  8384 | D:7      | Reached *** piety under Cheibriados
  8385 | D:7      | Reached skill level 9 in Spellcasting
  8676 | D:7      | Noticed Pikel
  8684 | D:7      | Killed Pikel
  8685 | D:7      | Reached skill level 10 in Spellcasting
  8685 | D:7      | Reached XP level 10. HP: 72/75 MP: 12/24
  8690 | D:7      | Learned a level 4 spell: Ice Form
  8824 | D:7      | Found a staircase to the Ecumenical Temple.
  8892 | D:7      | Reached skill level 5 in Transmutations
  9138 | D:8      | Found a staircase to the Lair.
  9196 | Lair:1   | Entered Level 1 of the Lair of Beasts
  9242 | Lair:1   | Noticed a black mamba
  9247 | Lair:1   | Killed a black mamba
  9258 | Lair:1   | Reached skill level 6 in Transmutations
  9302 | Lair:2   | Reached skill level 7 in Transmutations
  9625 | Lair:1   | Reached skill level 8 in Transmutations
  9760 | Lair:1   | Reached **** piety under Cheibriados
  9760 | Lair:1   | Killed by an exploding yak... ignited by their inner flame

Vanquished Creatures
  Pikel (D:7)
  A black mamba (Lair:1)
  Maggie (D:6)
  A komodo dragon (Lair:2)
  Grinder (D:5)
  3 blink frogs (Lair:1)
  A hornet (D:7)
  Prince Ribbit (D:5)
  5 yaks
  Duvessa (D:6)
  4 water moccasins
  An ice beast (D:7)
  An orc warrior (D:7)
  A black bear (D:5)
  An ogre (D:6)
  2 wolves (Lair:1)
  Blork the orc (D:4)
  A kobold brigand (D:7)
  3 bullfrogs
  A gnoll sergeant (D:6)
  6 scorpions
  3 wights (D:7)
  Dowan (D:6)
  A howler monkey (D:7)
  An orc priest (D:7)
  4 hounds
  4 jellies
  2 orc wizards
  3 iguanas
  Robin (D:3)
  6 gnolls
  9 adders
  3 shadow imps
  2 white imps (D:6)
  An ufetubus (D:5)
  2 worms
  5 dart slugs
  17 orcs
  A bat (D:1)
  8 endoplasms
  2 giant cockroaches
  14 goblins
  9 hobgoblins
  3 quokkas
  4 ball pythons
  8 kobolds
  4 rats
156 creatures vanquished.

Vanquished Creatures (others)
  A human (D:5)
  A gnoll (D:6)
  694 foxfires
  A fungus (Lair:1)
  5 plants
702 creatures vanquished.

Grand Total: 858 creatures vanquished

Table legend:
 A = Non-vault XP
 B = Vault XP
 C = Vault XP percentage of total XP
 D = Non-vault monster count
 E = Vault monster count
 F = Vault count percentage of total count
                 A         B        C        D         E       F
            +---------+---------+-------+---------+---------+-------
      Total |    6350 |    1985 |  23.8 |     131 |      25 |  16.0
            +---------+---------+-------+---------+---------+-------
        D:1 |      31 |       7 |  18.4 |      15 |       4 |  21.1
        D:2 |      30 |       0 |   0.0 |       8 |       0 |   0.0
        D:3 |      75 |      38 |  33.6 |       8 |      13 |  61.9
        D:4 |     301 |     104 |  25.7 |      23 |       2 |   8.0
        D:5 |     469 |     536 |  53.3 |      11 |       2 |  15.4
        D:6 |     775 |     637 |  45.1 |      25 |       3 |  10.7
        D:7 |    1472 |     663 |  31.1 |      26 |       1 |   3.7
     Lair:1 |    2375 |       0 |   0.0 |      11 |       0 |   0.0
     Lair:2 |     822 |       0 |   0.0 |       4 |       0 |   0.0
            +---------+---------+-------+---------+---------+-------

Illustrated notes

Table legend:
 A = Kills in this place as a percentage of kills in entire the game.
 B = Kills by you in this place as a percentage of kills by you in the entire game.
 C = Kills by friends in this place as a percentage of kills by friends in the entire game.
 D = Other kills in this place as a percentage of other kills in the entire game.
 E = Experience gained in this place as a percentage of experience gained in the entire game.
 F = Experience gained in this place divided by the number of levels of this place that you have seen.
                   A       B       C       D       E      F
               +-------+-------+-------+-------+-------+----------------------
         Total | 100.0 | 100.0 |   N/A |   N/A | 100.0 | 833.5
       Dungeon |  90.4 |  90.4 |   N/A |   N/A |  61.6 | 642.2
          Lair |   9.6 |   9.6 |   N/A |   N/A |  38.4 | 1598.5
               +-------+-------+-------+-------+-------+----------------------

Table legend: (Time is in decaauts)
 A = Elapsed time spent in this place.
 B = Non-inter-level travel time spent in this place.
 C = Inter-level travel time spent in this place.
 D = Time resting spent in this place.
 E = Time spent auto-exploring this place.
 F = Levels seen in this place.
 G = Mean time per level.
                   A        B        C        D        E       F      G
               +--------+--------+--------+--------+--------+-----+--------+
         Total |  13161 |  12875 |    286 |   2316 |   9274 |  10 | 1316.1 |
       Dungeon |  12519 |  12233 |    286 |   1883 |   9178 |   8 | 1564.9 |
          Lair |    641 |    641 |      0 |    433 |     95 |   2 |  320.5 |
               +--------+--------+--------+--------+--------+-----+--------+

Top non-repeatable levels by time:
     D:7: 2714 daAuts
     D:4: 2211 daAuts
     D:5: 2056 daAuts
     D:6: 1622 daAuts
     D:1: 1588 daAuts
     D:3: 1171 daAuts
     D:2: 1039 daAuts
  Lair:1: 324 daAuts
  Lair:2: 317 daAuts
     D:8: 116 daAuts
